 Dungeon Crawl Stone Soup version 0.30-a0-553-g7fabdf1491 (webtiles) character file.

Game seed: 2753893407037213528

52 Armakuni the Grave Robber (level 4, 0/34 HPs)
             Began as a Human Wanderer on Dec 26, 2022.
             Slain by Terence
             ... wielding a +0 mace
              (3 damage)
             ... on level 2 of the Dungeon.
             The game lasted 00:03:47 (1243 turns).

Armakuni the Grave Robber (Human Wanderer)          Turns: 1243, Time: 00:03:48

Health: 0/34       AC: 11    Str: 17    XL:     4   Next: 8%
Magic:  5/5        EV:  9    Int: 13    God:
Gold:   141        SH:  4    Dex:  9    Spells: 5/5 levels left

rFire   . . .      SeeInvis .    a - +0 club (freeze)
rCold   . . .      Faith    .    c - +0 buckler
rNeg    . . .      Spirit   .    g - +4 scale mail
rPois   .          Reflect  .    (no helmet)
rElec   .          Harm     .    (no cloak)
rCorr   .          Rampage  .    (no gloves)
Will    .....                    m - +0 pair of boots Stlth
                                 (no amulet)
HPRegen 0.25/turn                (no ring)
MPRegen 0.09/turn                (no ring)

@: no status effects
A: no striking features
a: no special abilities


You were on level 2 of the Dungeon.
You visited 1 branch of the dungeon, and saw 2 of its levels.

You collected 141 gold pieces.

Inventory:

Hand Weapons
 a - a +0 club of freezing (weapon)
 b - a +0 sling
Armour
 c - a +0 buckler (worn)
 g - a +4 scale mail (worn)
 m - a +0 pair of boots (worn)
Scrolls
 e - a scroll of fog
 j - a scroll of noise
Potions
 f - a potion of brilliance
 h - a potion of resistance


   Skills:
 - Level 2.4 Fighting
 - Level 1.0 Maces & Flails
 + Level 1.8 Armour
 + Level 1.3 Dodging
 + Level 2.5 Shields
 - Level 1.0 Spellcasting
 - Level 4.0 Necromancy


You had 5 spell levels left.
You didn't know any spells.
Your spell library contained the following spells:

 Spells                   Type           Power      Damage    Failure   Level
 Kiss of Death            Conj/Necr      20%        2d7       50%         1
 Vampiric Draining        Necr           11%        2d6       58%         3
 Anguish                  Hex/Necr       2%         N/A       99%         4
 Alistair's Intoxication  Tmut/Pois      0%         N/A       100%        5
 Borgnjor's Vile Clutch   Necr/Erth      2%         N/A       100%        5
 Eringya's Noxious Bog    Tmut/Pois      0%         N/A       100%        6


Dungeon Overview and Level Annotations

Branches:
Dungeon (2/15)

Altars:

Annotations:
D:2 Terence


Message History

Terence is moderately wounded.
The rat twitches its whiskers.
Terence hits you but does no damage.
You hit Terence but do no damage.
Terence is moderately wounded.
Terence hits you with a +0 mace.
You hit Terence but do no damage.
Terence is moderately wounded.
You block Terence's attack. Terence barely misses you.
You hit Terence but do no damage.
Terence is moderately wounded.
You block Terence's attack.
You hit Terence. You freeze Terence.
Terence is heavily wounded.
Terence misses you.
You hit Terence. You freeze Terence.
Terence is heavily wounded.
Terence barely misses you.
You hit Terence but do no damage.
Terence is heavily wounded.
You block Terence's attack. Terence hits you with a +0 mace.
You hit Terence but do no damage.
Terence is heavily wounded.
Terence hits you but does no damage.
You closely miss Terence.
Terence is heavily wounded.
Terence hits you with a +0 mace.
* * * LOW HITPOINT WARNING * * *
You hit Terence. You freeze Terence.
Terence is severely wounded.
You block Terence's attack.
You hit Terence. You freeze Terence.
Terence is almost dead.
Terence hits you with a +0 mace!
* * * LOW HITPOINT WARNING * * *
Terence barely misses you.
You hit Terence but do no damage.
Terence is almost dead.
Terence hits you with a +0 mace.
You die...

######..<. #....
#########.†..
####.......+....
###........# #....
..#........# #....
#r#........# ####.
#@#...)....# #.
#####@#........# #.
#.....####.##########.
#.########.#####......
#.##..................
#....#####.####......#
###### #†# #.......
#.# #......#
#.####...†..#
#.^.[....†...


You could see Terence and a rat.

Vanquished Creatures
  An adder (D:2)
  2 endoplasms
  2 giant cockroaches
  5 goblins
  5 hobgoblins
  4 jackals (D:1)
  2 kobolds
  3 quokkas (D:1)
  4 ball pythons
  5 bats
  A frilled lizard (D:1)
  6 rats
40 creatures vanquished.

Notes
Turn   | Place    | Note
-------+----------+-------------------------------------------
     0 | D:1      | Armakuni the Human Wanderer began the quest for the Orb.
     0 | D:1      | Armakuni set off with the following items: a +0 club, a +0
                  | buckler, a potion of lignification, a +0 leather armour, a
                  | scroll of fog; and the following spell memorised: Kiss of
                  | Death; and the following spells available to memorise:
                  | Vampiric Draining, Anguish.
     0 | D:1      | Reached XP level 1. HP: 16/16 MP: 2/2
    47 | D:1      | Reached skill level 1 in Maces & Flails
   112 | D:1      | Reached XP level 2. HP: 20/23 MP: 3/3
   487 | D:1      | Reached XP level 3. HP: 25/28 MP: 4/4
   867 | D:2      | Reached skill level 1 in Dodging
  1165 | D:2      | Reached XP level 4. HP: 34/34 MP: 5/5
  1214 | D:2      | Noticed Terence
  1243 | D:2      | Slain by Terence

Illustrated notes

Levels and vault maps discovered:
D:1:      shiori_arrival_oz, layout_basic
D:2:      layout_basic, uniq_robin, uniq_terence

Skill      XL: |  1  2  3 |
---------------+----------+-----
Maces & Flails | 1 |  1.0
Dodging        | 1 |  1.3
Fighting       | |  2.4
Armour         | |  1.8
Shields        | |  2.5
Spellcasting   | |  1.0
Necromancy     | |  4.0

Action                   |  1- 3 |  4- 6 || total
-------------------------+-------+-------++-------
Melee: Club              |   227 |    35 ||   262
  Use: Scroll            |     5 |     1 ||     6
       Potion            |     2 |       ||     2
Armor: Skin              |    46 |       ||    46
       Leather armour    |    11 |       ||    11
       Scale mail        |   130 |    17 ||   147
Dodge: Dodged            |   132 |    14 ||   146
Block: Buckler           |    51 |     9 ||    60

Table legend: (Time is in decaauts)
 A = Elapsed time spent in this place.
 B = Non-inter-level travel time spent in this place.
 C = Inter-level travel time spent in this place.
 D = Time resting spent in this place.
 E = Time spent auto-exploring this place.
 F = Levels seen in this place.
 G = Mean time per level.
                   A        B        C        D        E       F      G
               +--------+--------+--------+--------+--------+-----+--------+
         Total |   1321 |   1293 |     28 |     83 |    615 |   2 |  660.5 |
       Dungeon |   1321 |   1293 |     28 |     83 |    615 |   2 |  660.5 |
               +--------+--------+--------+--------+--------+-----+--------+

Top non-repeatable levels by time:
     D:1: 917 daAuts
     D:2: 404 daAuts
